 Dungeon Crawl Stone Soup version 0.25.1-2-g60ff931df9 (webtiles) character file.

Game seed: 11823252695485792415

2029 hawla the Covered (level 9, -15/72 HPs)
             Began as a Minotaur Artificer on Oct 14, 2020.
             Demolished by an ogre
             ... wielding a +0 giant club
              (34 damage)
             ... on level 6 of the Dungeon.
             The game lasted 00:13:56 (6063 turns).

hawla the Covered (Minotaur Artificer)              Turns: 6063, Time: 00:13:57

Health: -15/72     AC: 12    Str: 19    XL:     9   Next: 3%
Magic:  10/10      EV: 10    Int: 14    God:
Gold:   299        SH:  0    Dex: 12    Spells: 8/8 levels left

rFire    . . .     SeeInvis .   g - +4 quarterstaff (chaos)
rCold    . . .     Gourm    .   (shield currently unavailable)
rNeg     . . .     Faith    .   h - +0 chain mail
rPois    .         Spirit   .   (helmet restricted)
rElec    .         Reflect  .   m - +0 cloak (curse)
rCorr    .         Harm     .   (no gloves)
MR       .....                  (no boots)
Stlth    ..........             (no amulet)
HPRegen  0.22/turn              o - +6 ring of intelligence
MPRegen  0.12/turn              (no ring)

@: mighty
A: retaliatory headbutt, horns 2
a: no special abilities


You were on level 6 of the Dungeon.
You were not hungry.

You visited 2 branches of the dungeon, and saw 7 of its levels.

You collected 299 gold pieces.

Inventory:

Hand Weapons
 a - a +0 spear
 g - a +4 quarterstaff of chaos (weapon)
 i - a +2 vorpal mace
 k - a +0 quarterstaff
Missiles
 l - 20 poisoned darts (quivered)
 n - 6 curare-tipped darts
Armour
 h - a +0 chain mail (worn)
 m - a cursed +0 cloak (worn)
Jewellery
 o - a +6 ring of intelligence (left hand)
Wands
 c - a wand of flame (8)
 d - a wand of enslavement (13)
 e - a wand of random effects (14)
 t - a wand of digging (8)
 v - a wand of polymorph (9)
Scrolls
 b - 2 scrolls of remove curse
 r - a scroll of enchant armour
 x - a scroll of blinking
 y - a scroll of fog
 z - a scroll of amnesia
 B - 3 scrolls of teleportation
Potions
 j - 2 potions of might
 p - 3 potions of mutation {unknown}
 q - 2 potions of berserk rage
 s - 4 potions of haste {unknown}
 u - 2 potions of resistance {unknown}
 w - a potion of stabbing {unknown}
 C - a potion of brilliance {unknown}
Comestibles
 f - 5 rations
 D - a chunk of flesh


   Skills:
 + Level 4.3 Fighting
   Level 1.1 Short Blades
 + Level 0.7(4.1) Maces & Flails
 + Level 3.9(5.7) Polearms
 + Level 6.5(7.1) Staves
 + Level 0.6 Throwing
 + Level 7.4 Armour
 * Level 6.4 Dodging
 - Level 0.7 Stealth
 + Level 3.8 Evocations


You had 8 spell levels left.
You didn't know any spells.
Your spell library was empty.

Dungeon Overview and Level Annotations

Branches:
Dungeon (6/15)             Temple (1/1) D:4

Altars:
Ashenzari
Cheibriados
Dithmenos
Elyvilon
Fedhas
Hepliaklqana
Kikubaaqudgha
Makhleb
Nemelex Xobeh
Okawaru
Qazlal
Ru
Sif Muna
Trog
Uskayaw
Vehumet
Wu Jian
Xom
Yredelemnul
Zin
The Shining One

Shops:
D:6 (


Innate Abilities, Weirdness & Mutations

You reflexively headbutt those who attack you in melee.
You have a pair of horns on your head.


Message History

You headbutt the ogre, but do no damage.
The ogre closely misses you.
You sock the ogre!
The ogre goes berserk!
The ogre is moderately wounded.
The ogre hits you with a +0 giant club!!!
Ouch! That really hurt!
You are too injured to fight recklessly!
You are too injured to fight recklessly!
You are too injured to fight recklessly!
You are too injured to fight recklessly!
You sock the ogre!
The ogre is heavily wounded.
The ogre closely misses you.
You barely miss the ogre.
The ogre is heavily wounded.
The ogre hits you with a +0 giant club!!
* * * LOW HITPOINT WARNING * * *
You feel very mighty all of a sudden.
The ogre hits you with a +0 giant club!!
You die...

#..... #........##.....
#............... #......
#..... #....# .....#.#
#########....#.#######.#
.............#......<..#
............############
......O@∩...............
........#.....##########
..............#
##.######...#.# #
#...#.# #####(# #.# #.#


You could see an ogre (berserk).

Vanquished Creatures
  Pikel (D:4)
  2 slime creatures (D:5)
  Menkaure (D:4)
  A swamp drake (D:5)
  A necrophage (D:1)
  3 ogres (D:5)
  A centaur (D:5)
  A big kobold (D:5)
  A scorpion (D:5)
  A centaur zombie (D:5)
  A bullfrog skeleton (D:5)
  2 hounds
  A jelly (D:5)
  Crazy Yiuf (D:2)
  An iguana (D:5)
  2 worker ants
  Ijyb (D:4)
  Robin (D:4)
  5 adders
  A shadow imp (D:5)
  7 oozes (D:5)
  An adder skeleton (D:5)
  5 worms
  3 dart slugs
  3 leopard geckos
  2 orcs
  3 ball pythons
  4 giant cockroaches
  8 goblins
  13 hobgoblins
  6 jackals
  6 bats
  7 frilled lizards
  A giant cockroach zombie (D:5)
  11 kobolds
  4 rats
113 creatures vanquished.

Vanquished Creatures (collateral kills)
  A dart slug (D:1)
  A giant cockroach (D:1)
2 creatures vanquished.

Vanquished Creatures (others)
  A worker ant (D:4)
  An ooze (D:4)
  A goblin (D:4)
  A hobgoblin (D:4)
  6 toadstools (D:5)
10 creatures vanquished.

Grand Total: 125 creatures vanquished

Notes
Turn   | Place    | Note
-------+----------+-------------------------------------------
     0 | D:1      | hawla the Minotaur Artificer began the quest for the Orb.
     0 | D:1      | Reached XP level 1. HP: 16/16 MP: 1/1
   332 | D:1      | Reached XP level 2. HP: 23/23 MP: 3/3
  1006 | D:1      | Reached XP level 3. HP: 27/28 MP: 4/4
  1233 | D:2      | Noticed a necrophage
  1273 | D:1      | Killed a necrophage
  1273 | D:1      | Reached skill level 1 in Polearms
  1273 | D:1      | Reached skill level 1 in Armour
  1273 | D:1      | Reached XP level 4. HP: 6/34 MP: 5/5
  1643 | D:2      | Reached XP level 5. HP: 36/39 MP: 6/6
  1934 | D:2      | Reached skill level 2 in Armour
  1986 | D:2      | Found a runed translucent door.
  1987 | D:2      | Noticed Crazy Yiuf
  2142 | D:2      | Killed Crazy Yiuf
  2988 | D:4      | Noticed Ijyb
  2990 | D:4      | Noticed a slave
  2994 | D:4      | Reached skill level 1 in Staves
  2994 | D:4      | Reached XP level 6. HP: 31/48 MP: 7/7
  3001 | D:4      | Killed Ijyb
  3005 | D:4      | Noticed a slave
  3006 | D:4      | Noticed Pikel
  3008 | D:4      | Noticed a slave
  3008 | D:4      | Noticed a slave
  3020 | D:4      | Killed Pikel
  3020 | D:4      | Reached skill level 4 in Armour
  3020 | D:4      | Reached XP level 7. HP: 18/57 MP: 8/8
  3285 | D:4      | Noticed Menkaure
  3288 | D:4      | Killed Menkaure
  3288 | D:4      | Reached skill level 5 in Dodging
  3326 | D:4      | Found a staircase to the Ecumenical Temple.
  3334 | Temple   | Entered the Ecumenical Temple
  3742 | D:4      | Noticed Robin
  3976 | D:4      | Killed Robin
  4545 | D:5      | Entered Level 5 of the Dungeon
  4645 | D:5      | Reached skill level 5 in Armour
  4682 | D:5      | Reached XP level 8. HP: 41/63 MP: 9/9
  4919 | D:5      | Reached skill level 6 in Armour
  5563 | D:5      | Reached skill level 5 in Staves
  5608 | D:5      | Noticed a slime creature
  5608 | D:5      | Noticed a slime creature
  5617 | D:5      | Reached skill level 7 in Armour
  5627 | D:5      | Killed a slime creature
  5638 | D:5      | Killed a slime creature
  5638 | D:5      | Reached XP level 9. HP: 32/72 MP: 10/10
  6050 | D:6      | Found Ixoumo's Antique Weapon Shop.
  6063 | D:6      | Demolished by an ogre

Illustrated notes

Levels and vault maps discovered:
D:1:      minmay_arrival_arboretum_small, layout_basic, fountainhead,
          lemuel_another_geyser
D:2:      layout_rooms, first_ration, uniq_crazy_yiuf_cottage
D:3:      layout_rooms, minmay_misc_feat_nine_boxes, kennysheep_potato
D:4:      layout_gridville, minmay_temple_entry_arrows, serial_park_tiny_2,
          serial_park_tiny_pond, uniq_pikel, uniq_ijyb, uniq_robin,
          uniq_menkaure
D:5:      cheibrodos_fertilizer, layout_basic, hangedman_minor_gate_pass
D:6:      layout_basic, serial_shops, shop, shop, shop
Temple:   compressed_dpeg_triangle_lava_temple

Skill      XL: |  1  2  3  4  5  6  7  8 |
---------------+-------------------------+-----
Evocations     | 3 |  3.8
Dodging        | 3 4 5 6 |  6.4
Polearms       | 1 3 |  3.9
Armour         | 1 2 4 5 7 |  7.4
Fighting       | 2 3 4 |  4.3
Staves         | 1 3 4 6 |  6.5
Short Blades   | |  1.1
Maces & Flails | |  0.7
Throwing       | |  0.6
Stealth        | |  0.7

Action                   |  1- 3 |  4- 6 |  7- 9 || total
-------------------------+-------+-------+-------++-------
Melee: Spear             |    67 |    73 |       ||   140
       Headbutt          |     8 |    13 |    24 ||    45
       Quarterstaff      |       |    31 |   112 ||   143
       Mace              |       |    17 |       ||    17
       Unarmed           |       |       |     9 ||     9
Throw: Dart              |       |     4 |     6 ||    10
Evoke: Wand              |     5 |     1 |     4 ||    10
  Use: Scroll            |       |     9 |     2 ||    11
       Potion            |       |     4 |     2 ||     6
 Stab: Sleeping          |     1 |       |       ||     1
  Eat: Chunk             |     1 |     6 |     6 ||    13
       Ration            |       |       |     1 ||     1
Armor: Leather armour    |    23 |    10 |       ||    33
       Chain mail        |       |    61 |    62 ||   123
Dodge: Dodged            |    69 |    60 |    55 ||   184
